 Dungeon Crawl Stone Soup version 0.25-a0-701-gb30f108f01 (webtiles) character file.

Game seed: 4755131502808207620, levelgen mode: deterministic

2753 kae the Grappler (level 9, -4/76 HPs)
             Began as a Grey Draconian Transmuter on Apr 3, 2020.
             Was an Elder of Uskayaw.
             Engulfed by a cloud of steam (17 damage)
             ... on level 7 of the Dungeon.
             The game lasted 00:07:51 (8492 turns).

kae the Grappler (Grey Draconian Transmuter)        Turns: 8492, Time: 00:07:52

Health: -4/76      AC:  5    Str: 17    XL:     9   Next: 41%
Magic:  7/18       EV: 11    Int: 15    God:    Uskayaw [****..]
Gold:   145        SH:  0    Dex: 11    Spells: 5/20 levels left

rFire    x . .     SeeInvis .     - Unarmed
rCold    + + +     Gourm    .   (shield currently unavailable)
rNeg     . . .     Faith    .   (armour unavailable)
rPois    +         Spirit   .   (helmet currently unavailable)
rElec    .         Reflect  .   (cloak currently unavailable)
rCorr    .         Harm     .   (gloves currently unavailable)
MR       .....                  (boots currently unavailable)
Stlth    +.........             (no amulet)
HPRegen  0.22/turn              j - +1 ring of evasion
MPRegen  0.16/turn              g - +2 ring of strength

@: ice-form, very slightly contaminated
A: large, (walk through water), unfitting armour, AC +12
a: End Transformation, Stomp, Line Pass, Renounce Religion


You were on level 7 of the Dungeon.
You worshipped Uskayaw.
Uskayaw was noncommittal.
You were very hungry.
You were a creature of crystalline ice.
You visited 2 branches of the dungeon, and saw 8 of its levels.
You also visited: Ossuary.

You collected 245 gold pieces.
You spent 100 gold pieces at shops.

Inventory:

Missiles
 a - 78 arrows
Jewellery
 b - an uncursed ring of protection from fire
 g - a +2 ring of strength (right front paw)
 j - a +1 ring of evasion (left front paw)
 t - an uncursed amulet of guardian spirit {unknown}
 w - an uncursed ring of stealth {unknown}
Wands
 u - a wand of disintegration (12)
Scrolls
 d - 5 scrolls of remove curse
 i - 5 scrolls of identify
 o - 3 scrolls of enchant weapon
 q - a scroll of enchant armour
 r - 2 scrolls of teleportation
Potions
 e - a potion of stabbing
 f - a potion of ambrosia
 h - 3 potions of flight
 k - 2 potions of curing
 l - a potion of heal wounds
 m - 2 potions of invisibility
 n - a potion of brilliance
 p - 2 potions of magic
 s - a potion of resistance
 v - a potion of degeneration {unknown}
 x - a potion of haste {unknown}
Comestibles
 c - 14 rations


   Skills:
 - Level 1.1 Fighting
 - Level 1.7 Dodging
 * Level 9.7 Unarmed Combat
 + Level 6.2 Spellcasting
 + Level 6.7 Transmutations


You had 5 spell levels left.
You knew the following spells:

 Your Spells              Type           Power        Failure   Level  Hunger
a - Beastly Appendage     Tmut           ####..       1%          1    None
b - Sticks to Snakes      Tmut           ####....     1%          2    #......
c - Spider Form           Tmut/Pois      ##........   11%         3    ##.....
d - Ice Form              Ice/Tmut       ##......     34%         4    ####...
e - Blade Hands           Tmut           ####......   24%         5    ######.

Your spell library contained the following spells:

 Spells                   Type           Power        Failure   Level  Hunger


Dungeon Overview and Level Annotations

Branches:
Dungeon (7/15)             Temple (1/1) D:5         Ossuary (visited)

Altars:
Ashenzari
Cheibriados
Dithmenos
Elyvilon
Fedhas
Gozag
Hepliaklqana
Kikubaaqudgha
Makhleb
Nemelex Xobeh
Okawaru
Qazlal
Ru
Sif Muna
Trog
Uskayaw
Vehumet
Yredelemnul
Zin
The Shining One

Shops:
D:4 *

Annotations:
D:3 3 runed translucent doors, catzilla's ghost, amateur MiBe


Innate Abilities, Weirdness & Mutations

((You can walk through water.))
((Your dull iron-grey scales are very hard. (AC +12)))
You cannot fit into any form of body armour.
((You can survive without breathing.))
((You are cold-blooded and may be slowed by cold attacks.))


Message History

You miscast Ice Form.
The air around you crackles with energy!
The steam dragon bites you.
* * * LOW HITPOINT WARNING * * *
The steam dragon claws you but does no damage.
You feel much better.
The steam dragon bites you but does no damage.
The steam dragon closely misses you.
Casting: Ice Form (quite dangerous; 36% risk of failure)
Confirm with . or Enter, or press ? or * to list all spells.
You turn into a creature of crystalline ice.
The steam dragon breathes steam at you. The ball of steam hits you!!
The steam scalds you terribly!
* * * LOW HITPOINT WARNING * * *
An orc comes into view. It is wielding a +0 dagger.
You hear an angry buzzing noise. x2
You pummel the steam dragon!! You freeze the steam dragon.
You kill the steam dragon!
You are engulfed in a cloud of scalding steam.
You die...

+..Y.. ....#
#.....##...###.
.............
#+Z.#Z..o.. ###
.##.#.Z...# #.
#.. .[..Z(..D.#
. #.#
........§.##.#
#.#
#.######o###.#
#.# #Y†oo....^#
#.#
#.###.##...#
#)# #.#
#.#.#>#.# #.#
#.#
#..##.##.###.#
#.#
#.###.###.....
#.#
##.##.##.###.#
#.# ##.#.#.##
#.#
#.######...##
#.#
#.........##
#.#


You could see an orc warrior, an orc wizard and an orc.

Vanquished Creatures
  Maggie (D:6)
  Sigmund (D:2)
  A steam dragon (D:7)
  An ice beast (D:5)
  A sky beast (D:7)
  A phantom (D:4)
  An ogre (D:5)
  4 centaurs
  An elf zombie (Ossuary)
  3 bullfrogs
  3 scorpions
  4 howler monkeys
  A quasit (D:7)
  A bullfrog zombie (D:7)
  2 human zombies (Ossuary)
  A centaur skeleton (D:6)
  A jelly (D:5)
  3 centaur zombies
  A bullfrog skeleton (D:4)
  An iguana (D:3)
  3 orc wizards (D:4)
  7 worker ants
  2 big kobold zombies (Ossuary)
  A hound zombie (D:7)
  3 mummies
  Robin (D:2)
  3 gnolls (D:2)
  13 adders
  An ooze (D:3)
  An adder skeleton (D:4)
  2 adder zombies (Ossuary)
  4 worms
  2 dart slugs
  4 leopard geckos
  8 orcs
  6 giant cockroaches
  19 goblins
  6 hobgoblins
  5 jackals
  2 kobolds
  2 quokkas
  6 bats
  9 frilled lizards
  2 goblin skeletons (D:7)
  A goblin zombie (Ossuary)
  9 hobgoblin zombies
  2 jackal skeletons
  A jackal zombie (Ossuary)
  A kobold skeleton (D:7)
  16 kobold zombies
  A leopard gecko zombie (D:5)
  An orc skeleton (D:7)
  8 orc zombies
  6 rats
191 creatures vanquished.

Vanquished Creatures (collateral kills)
  A goblin (D:1)
  A kobold (D:1)
2 creatures vanquished.

Vanquished Creatures (others)
  A hobgoblin zombie (D:7)
1 creature vanquished.

Grand Total: 194 creatures vanquished

Notes
Turn   | Place    | Note
-------+----------+-------------------------------------------
     0 | D:1      | kae the Draconian Transmuter began the quest for the Orb.
     0 | D:1      | Reached XP level 1. HP: 16/16 MP: 3/3
   132 | D:1      | Reached XP level 2. HP: 15/23 MP: 3/5
   810 | D:2      | Noticed Robin
   935 | D:1      | Learned a level 2 spell: Sticks to Snakes
  1144 | D:2      | Reached XP level 3. HP: 26/28 MP: 4/6
  1320 | D:2      | Learned a level 3 spell: Spider Form
  1582 | D:2      | Reached skill level 4 in Unarmed Combat
  1598 | D:2      | Killed Robin
  1598 | D:2      | Reached XP level 4. HP: 11/35 MP: 2/7
  1894 | D:2      | Noticed Sigmund
  1911 | D:2      | Killed Sigmund
  1911 | D:2      | Reached skill level 5 in Unarmed Combat
  1911 | D:2      | Reached XP level 5. HP: 6/40 MP: 4/9
  2181 | D:2      | Reached XP level 6. HP: 39/47 MP: 7/11
  2492 | D:2      | Found a glowing silver altar of Zin.
  2777 | D:3      | Found a blossoming altar of Fedhas.
  2869 | D:3      | Found a runed translucent gate.
  2869 | D:3      | Found a runed translucent gate.
  2869 | D:3      | Found a runed translucent gate.
  2870 | D:3      | Noticed catzilla's ghost (amateur MiBe)
  3479 | D:3      | Learned a level 5 spell: Blade Hands
  3918 | D:4      | Found a sand-covered staircase.
  3932 | Ossuary  | Entered an ossuary
  4414 | Ossuary  | Reached skill level 6 in Unarmed Combat
  4414 | Ossuary  | Your scales start taking on a dull iron-grey colour.
  4414 | Ossuary  | Reached XP level 7. HP: 50/52 MP: 12/12
  4414 | Ossuary  | Gained mutation: You can survive without breathing. [Grey
                  | Draconian growth]
  5034 | D:4      | Reached skill level 7 in Unarmed Combat
  5493 | D:4      | Found Sexi's Assorted Antiques.
  5504 | D:4      | Bought a scroll labeled BEXOYNUTERPH for 25 gold pieces
  5504 | D:4      | Bought a scroll labeled SESCHE KITH for 25 gold pieces
  5504 | D:4      | Bought a scroll of identify for 50 gold pieces
  5524 | D:4      | Reached XP level 8. HP: 59/59 MP: 12/14
  5829 | D:5      | Entered Level 5 of the Dungeon
  5834 | D:5      | Reached skill level 5 in Transmutations
  5963 | D:5      | Found a staircase to the Ecumenical Temple.
  6027 | Temple   | Entered the Ecumenical Temple
  6203 | Temple   | Became a worshipper of Uskayaw the Reveler
  6253 | D:5      | Reached * piety under Uskayaw
  6257 | D:5      | Reached skill level 5 in Spellcasting
  6269 | D:5      | Reached ** piety under Uskayaw
  6407 | D:5      | Reached skill level 8 in Unarmed Combat
  7057 | D:6      | Noticed Maggie
  7359 | D:6      | Reached *** piety under Uskayaw
  7362 | D:6      | Killed Maggie
  7362 | D:6      | Reached XP level 9. HP: 64/64 MP: 2/17
  7475 | D:6      | Reached skill level 9 in Unarmed Combat
  7583 | D:6      | Learned a level 4 spell: Ice Form
  8445 | D:7      | Found a glowing golden altar of the Shining One.
  8466 | D:7      | Reached **** piety under Uskayaw
  8475 | D:7      | Reached ***** piety under Uskayaw
  8492 | D:7      | Engulfed by a cloud of steam

Levels and vault maps discovered:
D:1:      dpeg_arrival_houses_and_road, layout_basic, hangedman_decor_opposing
D:2:      layout_basic, zin_scriptorium, first_ration, uniq_robin, uniq_sigmund
D:3:      layout_loops_ring, fedhas_altar_4, gammafunk_ghost_split
D:4:      kennysheep_the_goblin_king, layout_rooms, serial_shops, shop,
          gup_ossuary_entry_pyramid, serial_bayou_lake_a
D:5:      minmay_evil_eye, layout_loops_ring, minmay_temple_entry_purple_smoke
D:6:      layout_gridville, uniq_maggie
D:7:      cheibrodos_steamvent, layout_loops_ring, nicolae_tso_besieged_by_evil,
          grunt_ogre_cave, uniq_crazy_yiuf_cottage
Temple:   bh_familiar_temple

Skill      XL: |  1  2  3  4  5  6  7  8  9 |
---------------+----------------------------+-----
Unarmed Combat | 4 5 6 7 8 9 |  9.7
Spellcasting   | 3 4 5 6 |  6.2
Transmutations | 3 4 6 |  6.7
Fighting       | |  1.1
Dodging        | |  1.7

Action                   |  1- 3 |  4- 6 |  7- 9 || total
-------------------------+-------+-------+-------++-------
Melee: Unarmed           |   114 |   159 |   392 ||   665
       Headbutt          |     7 |     5 |     4 ||    16
       Tailslap          |    12 |    10 |    25 ||    47
       Kick              |     2 |    11 |    10 ||    23
       Punch             |       |     3 |     2 ||     5
 Cast: Beastly Appendage |    16 |    13 |     7 ||    36
       Sticks to Snakes  |     5 |     1 |       ||     6
       Spider Form       |     2 |    10 |    18 ||    30
       Blade Hands       |       |     1 |     1 ||     2
       Ice Form          |       |       |     5 ||     5
  Use: Potion            |       |     4 |     1 ||     5
       Scroll            |       |    13 |     6 ||    19
 Stab: Paralysed         |       |       |     2 ||     2
       Sleeping          |       |       |     1 ||     1
  Eat: Chunk             |     2 |     9 |    11 ||    22
       Ration            |       |     1 |     2 ||     3
Armor: Skin              |    57 |    33 |   106 ||   196
Dodge: Dodged            |    99 |   120 |   256 ||   475

Table legend:
 A = Non-vault XP
 B = Vault XP
 C = Vault XP percentage of total XP
 D = Non-vault monster count
 E = Vault monster count
 F = Vault count percentage of total count
                 A         B        C        D         E       F
            +---------+---------+-------+---------+---------+-------
      Total |    2350 |    1583 |  40.2 |     116 |      77 |  39.9
            +---------+---------+-------+---------+---------+-------
        D:1 |      27 |       7 |  20.6 |      15 |       4 |  21.1
        D:2 |     139 |     247 |  64.0 |      32 |       7 |  17.9
        D:3 |      95 |       2 |   2.1 |       7 |       1 |  12.5
        D:4 |     508 |      24 |   4.5 |      21 |       8 |  27.6
        D:5 |     582 |     264 |  31.2 |      17 |       4 |  19.0
        D:6 |     429 |     409 |  48.8 |      12 |       1 |   7.7
        D:7 |     570 |     238 |  29.5 |      12 |      13 |  52.0
    Ossuary |       0 |     392 | 100.0 |       0 |      39 | 100.0
            +---------+---------+-------+---------+---------+-------
